 Dungeon Crawl Stone Soup version 0.23.0-38-g208d714 (webtiles) character file.

Game seed: 12546706042502405469

9180 wolfsongas the Fighter (level 11, -1/99 HPs)
             Began as a Demonspawn Fighter on Feb 28, 2019.
             Was a High Priest of Okawaru.
             Slain by Snorg (15 damage)
             ... on level 12 of the Dungeon.
             The game lasted 00:16:25 (7550 turns).

wolfsongas the Fighter (Demonspawn Fighter)         Turns: 7550, Time: 00:16:26

Health: -1/99      AC: 18    Str: 19    XL:     11   Next: 19%
Magic:  11/11      EV:  4    Int: 16    God:    Okawaru [*****.]
Gold:   623        SH: 16    Dex: 13    Spells: 10/10 levels left

rFire    + + +     SeeInvis +   d - +1 war axe (chop)
rCold    + + .     Gourm    .   h - +0 large shield
rNeg     . . .     Faith    +   B - +1 chain mail "Jas Zithro" {*Slow rPois rC+++ Int+4}
rPois    +         Spirit   .   l - +0 helmet
rElec    .         Reflect  .   y - +0 cloak {MR+}
rCorr    .         Harm     .   n - +0 pair of gloves
MR       +....                  (no boots)
Stlth    ..........             o - amulet of faith
HPRegen  0.66/turn              k - ring of stealth
MPRegen  0.12/turn              A - ring "Qorchuv" {rPois rF+++ rC- Int+2 SInv}

@: very slightly contaminated
A: talons 2, rugged brown scales 3, powered by death 3, regeneration 1,
screaming 1, MP-powered wands
a: Heroism, Finesse, Renounce Religion


You were on level 12 of the Dungeon.
You worshipped Okawaru.
Okawaru was extremely pleased with you.
You were not hungry.

You visited 1 branch of the dungeon, and saw 11 of its levels.

You collected 623 gold pieces.

Inventory:

Hand Weapons
 d - a +1 war axe of chopping (weapon)
Armour
 c - a +0 shield
 h - a +0 large shield (worn)
 l - a +0 helmet (worn)
 n - a +0 pair of gloves (worn)
 s - a scarf of resistance
 y - a +0 cloak of magic resistance (worn)
 B - the +1 chain mail "Jas Zithro" (worn) {*Slow rPois rC+++ Int+4}
   (Okawaru gifted it to you on level 9 of the Dungeon)

   It affects your intelligence (+4).
   It renders you almost immune to cold.
   It protects you from poison.
   It may slow you when you take damage.
Jewellery
 k - a ring of stealth (left hand)
 o - an amulet of faith (around neck)
 A - the ring "Qorchuv" (right hand) {rPois rF+++ rC- Int+2 SInv}
   (You took it off an orc warrior on level 9 of the Dungeon)

   [ring of intelligence]

   It affects your intelligence (+2).
   It renders you almost immune to fire.
   It makes you vulnerable to cold.
   It protects you from poison.
   It lets you see invisible.
Wands
 a - a wand of clouds (5)
 r - a wand of acid (9)
 z - a wand of flame (51)
Scrolls
 e - 12 scrolls of remove curse
 g - 2 scrolls of amnesia
Potions
 b - 2 potions of flight
 j - 3 potions of brilliance
 m - a potion of berserk rage {unknown}
 p - a potion of lignification
 v - 2 potions of haste
Comestibles
 f - 12 rations


   Skills:
 + Level 11.1 Fighting
 + Level 7.8 Axes
 + Level 7.8 Armour
 + Level 7.7 Shields


You had 10 spell levels left.
You didn't know any spells.
Your spell library contained the following spells:

 Spells                   Type           Power        Failure   Level  Hunger
 Beastly Appendage        Tmut           #.....       100%        1    ##.....
 Confusing Touch          Hex            #.....       100%        1    ##.....
 Sandblast                Erth           #.....       100%        1    ##.....
 Sting                    Conj/Pois      #...         100%        1    ##.....
 Poisonous Vapours        Pois/Air       #.....       100%        2    ###....
 Sticks to Snakes         Tmut           #.......     100%        2    ###....
 Confuse                  Hex            #.......     100%        3    ####...
 Gell's Gravitas          Tloc           #.........   100%        3    ####...
 Mephitic Cloud           Conj/Pois/Air  #.......     100%        3    ####...
 Spider Form              Tmut/Pois      #.........   100%        3    ####...
 Stone Arrow              Conj/Erth      #.....       100%        3    ####...
 Ice Form                 Ice/Tmut       #.......     100%        4    #####..
 Olgreb's Toxic Radiance  Pois           #.......     100%        4    #####..
 Petrify                  Tmut/Erth      #.......     100%        4    #####..
 Blade Hands              Tmut           #.........   100%        5    ######.
 Metabolic Englaciation   Hex/Ice        #.........   100%        5    ######.
 Venom Bolt               Conj/Pois      #.........   100%        5    ######.
 Yara's Violent Unravell  Hex/Tmut       #.........   100%        5    ######.


Dungeon Overview and Level Annotations

Branches:
Dungeon (10/15)            Temple (0/1) D:6
   Lair: D:8-11         Orc: D:9-12

Altars:
Cheibriados
Okawaru
Qazlal
Ru
Trog
Uskayaw
Wu Jian
Zin

Shops:
D:5 *   D:7 %:

Annotations:
D:10 Erica
D:12 Snorg


Innate Abilities, Weirdness & Mutations

You have razor-sharp toenails.
You are completely covered in rugged brown scales. (AC +3, +7% HP)
You regenerate a lot of health from kills.
Your natural rate of healing is unusually fast.
You occasionally shout uncontrollably at your foes.
You expend magic power (3 MP) to strengthen your wands.


Message History

You slash Snorg! You claw Snorg!
Snorg is severely wounded.
Snorg looks more energetic.
Your shield and chain mail "Jas Zithro" prevent you from hitting Snorg.
You claw Snorg!
Snorg is severely wounded.
Snorg bites you! Snorg barely misses you. Snorg claws you but does no damage.
You closely miss Snorg. You claw Snorg.
Snorg is almost dead.
Snorg goes berserk!
You block Snorg's attack. Snorg claws you. x2
* * * LOW HITPOINT WARNING * * *
You hit Snorg.
Snorg is almost dead.
Snorg bites you!!
* * * LOW HITPOINT WARNING * * *
Snorg claws you!
* * * LOW HITPOINT WARNING * * *
You block Snorg's attack.
You feel better. Snorg closely misses you. Snorg claws you!
You die...

#...#### #..## #.## #§###
#§§§# #+ ###§# #.# #§#
#.# ##§#####
##.##########.#
.§§§§§..###...ST@.......#
.##S###.#.....S##########
#.# #.#.###.## #.###.#.#
#.# #.......###.#
#####.#....S# ...#######
#####


You could see Snorg (berserk) and 2 adders.

Vanquished Creatures
  Harold (D:8)
  A two-headed ogre (D:9)
  A cyclops (D:9)
  A manticore (D:9)
  Joseph (D:8)
  Psyche (D:8)
  2 trolls (D:9)
  6 hippogriffs
  Sigmund (D:2)
  A human (D:7)
  4 hogs (D:7)
  A steam dragon (D:8)
  An ice beast (D:6)
  3 orc warriors
  3 sky beasts
  2 phantoms
  A boggart (D:9)
  6 centaurs
  3 big kobolds
  6 bullfrogs
  2 water moccasin skeletons (D:4)
  13 killer bees
  2 howler monkeys
  2 crimson imps
  A bullfrog zombie (D:5)
  6 hounds
  A centaur skeleton (D:9)
  2 jellies
  An orc priest (D:9)
  8 orc wizards
  3 bullfrog skeletons
  Terence (D:2)
  Jessica (D:2)
  An iguana (D:5)
  5 worker ants
  Natasha (D:2)
  A killer bee zombie (D:8)
  A hound zombie (D:8)
  4 gnolls (D:2)
  14 adders
  2 oozes
  2 adder skeletons
  3 adder zombies
  2 worms (D:2)
  A dart slug (D:1)
  6 leopard geckos
  31 orcs
  2 bats
  5 giant cockroaches
  9 goblins
  10 hobgoblins
  9 jackals
  29 kobolds
  3 quokkas
  6 frilled lizards
  A jackal skeleton (D:4)
  2 leopard gecko skeletons (D:5)
  A quokka zombie (D:5)
  7 rats
247 creatures vanquished.

Notes
Turn   | Place    | Note
-------+----------+-------------------------------------------
     0 | D:1      | wolfsongas the Demonspawn Fighter began the quest for the
                  | Orb.
     0 | D:1      | Reached XP level 1. HP: 18/18 MP: 1/1
    96 | D:1      | Gained mutation: You are partially covered in rugged brown
                  | scales. (AC +1, +3% HP) [demonic ancestry]
    96 | D:1      | Reached XP level 2. HP: 12/24 MP: 2/2
   533 | D:1      | Reached skill level 4 in Fighting
   812 | D:2      | Gained mutation: You regenerate a little health from kills.
                  | [demonic ancestry]
   812 | D:2      | Reached XP level 3. HP: 30/30 MP: 3/3
   937 | D:2      | Found a glowing silver altar of Zin.
   959 | D:2      | Noticed Natasha
   965 | D:2      | Killed Natasha
   996 | D:2      | Noticed Terence
  1006 | D:2      | Killed Terence
  1006 | D:2      | Reached skill level 5 in Fighting
  1006 | D:2      | Gained mutation: You have sharp toenails. [demonic
                  | ancestry]
  1006 | D:2      | Reached XP level 4. HP: 32/40 MP: 4/4
  1254 | D:2      | Reached XP level 5. HP: 47/47 MP: 5/5
  1412 | D:2      | Noticed Jessica
  1426 | D:2      | Killed Jessica
  1426 | D:2      | Reached skill level 6 in Fighting
  1596 | D:2      | Noticed Sigmund
  1617 | D:2      | Killed Sigmund
  1617 | D:2      | Reached skill level 7 in Fighting
  1617 | D:2      | Gained mutation: You are mostly covered in rugged brown
                  | scales. (AC +2, +5% HP) [demonic ancestry]
  1617 | D:2      | Reached XP level 6. HP: 4/57 MP: 6/6
  2417 | D:3      | Gained mutation: You occasionally shout uncontrollably at
                  | your foes. [potion of mutation]
  2417 | D:3      | Gained mutation: You expend magic power (3 MP) to
                  | strengthen your wands. [potion of mutation]
  2417 | D:3      | Gained mutation: Your natural rate of healing is unusually
                  | fast. [potion of mutation]
  2882 | D:4      | Reached skill level 8 in Fighting
  3150 | D:4      | Found a snail-covered altar of Cheibriados.
  3151 | D:4      | Found an ornate altar of the Wu Jian Council.
  3152 | D:4      | Found an iron altar of Okawaru.
  3154 | D:4      | Found a hide-covered altar of Uskayaw.
  3154 | D:4      | Found a bloodstained altar of Trog.
  3154 | D:4      | Found a stormy altar of Qazlal.
  3155 | D:4      | Found a sacrificial altar of Ru.
  3163 | D:4      | Gained mutation: You regenerate health from kills. [demonic
                  | ancestry]
  3163 | D:4      | Reached XP level 7. HP: 61/65 MP: 7/7
  3172 | D:4      | Became a worshipper of Warmaster Okawaru
  3468 | D:4      | Reached * piety under Okawaru
  3508 | D:4      | Reached XP level 8. HP: 61/72 MP: 8/8
  3797 | D:5      | Entered Level 5 of the Dungeon
  3939 | D:5      | Found Ugheon's Assorted Antiques.
  4202 | D:5      | Reached ** piety under Okawaru
  4709 | D:6      | Found a staircase to the Ecumenical Temple.
  4732 | D:6      | Reached skill level 9 in Fighting
  5014 | D:7      | Found Laum's Book Boutique.
  5025 | D:7      | Noticed a hippogriff
  5035 | D:7      | Killed a hippogriff
  5035 | D:7      | Reached *** piety under Okawaru
  5091 | D:7      | Found Oschuale's Food Emporium.
  5103 | D:7      | Gained mutation: You are completely covered in rugged brown
                  | scales. (AC +3, +7% HP) [demonic ancestry]
  5103 | D:7      | Reached XP level 9. HP: 74/81 MP: 9/9
  5154 | D:7      | Reached skill level 5 in Axes
  5168 | D:7      | Reached skill level 5 in Armour
  5172 | D:7      | Reached skill level 5 in Shields
  5293 | D:7      | Reached **** piety under Okawaru
  5644 | D:8      | Noticed Psyche
  5656 | D:8      | Killed Psyche
  5656 | D:8      | Reached ***** piety under Okawaru
  5656 | D:8      | Reached skill level 10 in Fighting
  5721 | D:8      | Noticed Joseph
  5726 | D:8      | Received a gift from Okawaru
  5726 | D:8      | Gained mutation: You regenerate a lot of health from kills.
                  | [demonic ancestry]
  5726 | D:8      | Reached XP level 10. HP: 90/90 MP: 10/10
  5742 | D:8      | Killed Joseph
  5979 | D:8      | Noticed Harold
  5995 | D:8      | Killed Harold
  6651 | D:9      | Noticed a two-headed ogre
  6655 | D:9      | Noticed a manticore
  6665 | D:9      | Killed a two-headed ogre
  6665 | D:9      | Received a gift from Okawaru
  6670 | D:9      | Killed a manticore
  6670 | D:9      | Gained mutation: You have razor-sharp toenails. [demonic
                  | ancestry]
  6670 | D:9      | Reached XP level 11. HP: 71/98 MP: 11/11
  6675 | D:9      | Identified the ring "Qorchuv" {rPois rF+++ rC- Int+2 SInv}
  6691 | D:9      | Reached skill level 11 in Fighting
  6788 | D:9      | Got a slimy chain mail {god gift}
  6799 | D:9      | Identified the +1 chain mail "Jas Zithro" {*Slow rPois
                  | rC+++ Int+4} (Okawaru gifted it to you on level 9 of the
                  | Dungeon)
  7379 | D:9      | Identified the Incunabulum of the Viperous Mountains
  7403 | D:10     | Entered Level 10 of the Dungeon
  7501 | D:10     | Noticed Erica
  7501 | D:10     | You fall through a shaft for 2 floors!
  7504 | D:12     | Noticed Snorg
  7549 | D:12     | HP: 2/99 [Snorg (7)]
  7550 | D:12     | Slain by Snorg

Skill      XL: |  1  2  3  4  5  6  7  8  9 10 11 |
---------------+----------------------------------+-----
Fighting       | 4 5 7 8 9 10 11 | 11.1
Axes           | 2 3 4 6 7 |  7.8
Armour         | 3 4 6 7 |  7.8
Shields        | 3 4 6 7 |  7.7

Action                   |  1- 3 |  4- 6 |  7- 9 | 10-12 || total
-------------------------+-------+-------+-------+-------++-------
Melee: War axe           |    72 |   160 |   220 |   319 ||   771
       Kick              |       |    36 |    81 |    96 ||   213
       Hand axe          |       |     8 |    60 |       ||    68
Invok: Heroism           |       |       |     1 |     3 ||     4
  Use: Scroll            |     3 |     7 |     3 |     5 ||    18
       Potion            |       |     1 |     5 |     3 ||     9
  Eat: Ration            |       |     3 |     2 |     2 ||     7
       Chunk             |       |       |     1 |       ||     1
Armor: Scale mail        |    40 |       |       |       ||    40
       Chain mail        |       |   101 |   230 |   181 ||   512
       Skin              |       |       |    20 |       ||    20
Dodge: Dodged            |    16 |    32 |    51 |    52 ||   151
Block: Shield            |    31 |    83 |    51 |       ||   165
       Large shield      |       |       |   222 |   316 ||   538
